 Dungeon Crawl Stone Soup version 0.30.1-11-g7821555f0a (webtiles) character file.

Game seed: 1799633005828976097

6245 Peloso the Carver (level 10, -2/92 HPs)
             Began as a Minotaur Fighter on Oct 28, 2023.
             Was a Believer of Okawaru.
             Slain by a reaper
             ... wielding a +1 scythe of freezing
              (10 damage)
             ... in an ice cave.
             The game lasted 00:17:24 (9768 turns).

Peloso the Carver (Minotaur Fighter)                Turns: 9768, Time: 00:17:25

Health: -2/92      AC: 20    Str: 21    XL:     10   Next: 62%
Magic:  9/10       EV: 10    Int:  5    God:    Okawaru [**....]
Gold:   373        SH:  7    Dex: 14    Spells: 9/9 levels left

rFire   x . .        a - +1 long sword
rCold   + + .        d - +0 buckler
rNeg    . . .        x - +1 plate armour
rPois   .            (helmet restricted)
rElec   .            (no cloak)
rCorr   .            u - +1 pair of gloves
SInv    .            (no boots)
Will    .....        (no amulet) Stlth
                     e - ring of protection from cold
HPRegen 0.35/turn    g - ring of ice
MPRegen 0.12/turn

%: no passive effects
@: mighty, heroic, studying Polearms
A: horns 2, retaliatory headbutt
a: Renounce Religion, Heroism


You were in an ice cave.
You worshipped Okawaru.
Okawaru was pleased with you.
You visited 2 branches of the dungeon, and saw 10 of its levels.
You also visited: Ice Cave.

You collected 373 gold pieces.

Inventory:

Hand Weapons
 a - a +1 long sword (weapon)
Armour
 b - a +0 scale mail
 c - a +0 pair of gloves
 d - a +0 buckler (worn)
 u - a +1 pair of gloves (worn)
 x - a +1 plate armour (worn)
Jewellery
 e - a ring of protection from cold (left hand)
 g - a ring of ice (right hand)
 o - a ring of fire
 r - a ring of willpower
 s - a ring of poison resistance
 w - an amulet of magic regeneration
 E - a +5 ring of evasion
 F - an amulet of guardian spirit
Wands
 t - a wand of roots (5)
Scrolls
 i - 4 scrolls of identify
 m - a scroll of acquirement
 p - a scroll of amnesia
 q - a scroll of fog
 v - a scroll of enchant weapon
Potions
 f - 2 potions of curing
 h - a potion of brilliance
 k - a potion of might
 l - a potion of mutation
 n - a potion of flight
 z - a potion of haste {unknown}
 A - a potion of experience {unknown}
 D - a potion of berserk rage {unknown}
 G - a potion of degeneration {unknown}


   Skills:
 + Level 9.7(14.7) Fighting
 + Level 12.4(17.4) Long Blades
 + Level 10.3(15.3) Armour
 + Level 3.2(8.2) Dodging
 + Level 1.3(6.3) Stealth
 + Level 6.3(11.3) Shields
 + Level 1.4 Invocations
 + Level 0.1 Evocations


You had 9 spell levels left.
You didn't know any spells.
Your spell library contained the following spells:

 Spells                   Type           Power      Damage    Failure   Level
 Sandblast                Erth           0%         2d4       99%         1
 Passwall                 Tmut/Erth      0%         N/A       100%        2
 Stone Arrow              Conj/Erth      0%         3d7       100%        3


Dungeon Overview and Level Annotations

Branches:
Dungeon (11/15)            Temple (1/1) D:5           IceCv (1/1)
   Lair: D:8-11         Orc: D:9-12

Altars:
Elyvilon
Fedhas
Gozag
Makhleb
Okawaru
Sif Muna
Trog
Uskayaw
Vehumet
Wu Jian
Xom


Innate Abilities, Weirdness & Mutations

You have a pair of horns on your head.
You reflexively headbutt those who attack you in melee.


Message History

You block the reaper's attack.
Unknown command.
You hit the reaper but do no damage. Your headbutt misses the reaper.
The reaper closely misses you.
You hit the reaper but do no damage. You headbutt the reaper.
The reaper is lightly wounded.
You hit the reaper but do no damage.
The reaper is lightly wounded.
The reaper hits you but does no damage.
You barely miss the reaper.
The reaper is lightly wounded.
You block the reaper's attack.
You slash the reaper!
The reaper is lightly wounded.
The reaper hits you with a +1 scythe of freezing!!
The reaper freezes you.
You closely miss the reaper.
The reaper is lightly wounded.
You hit the reaper.
You headbutt the reaper, but do no damage.
The reaper is moderately wounded.
The reaper hits you with a +1 scythe of freezing!!!
* * * LOW HITPOINT WARNING * * *
The reaper freezes you.
* * * LOW HITPOINT WARNING * * *
You hit the reaper but do no damage. Your headbutt misses the reaper.
The reaper is moderately wounded.
You block the reaper's attack.
Unknown command.
You slash the reaper!
The reaper is moderately wounded.
Unknown command.
You closely miss the reaper.
The reaper is moderately wounded.
The reaper barely misses you.
Unknown command.
You hit the reaper but do no damage.
The reaper is moderately wounded.
The reaper hits you with a +1 scythe of freezing!
You die...

###....### ##........###
##....###....## #####
#...###.###...# ##...#####
#...##....####. ##........##
######..##.....#
#..........###.#...........)#
##..........#..2......##...##
#.............@.##.#########
##............###☼○.# .
#..........####.§§#######.§#
#.#....#.### ###§☼...§..○#
####..#### ###°.4Z.☼.#..
##...##≈####§☼4.##.○§○☼§§.
##..#.≈≈≈.#§°°..##..####☼§.
#..##≈≈≈#.○§#§#........# . .
#...######.☼.§###..2...# ..


You could see a reaper.

Vanquished Creatures
  2 ice statues (IceCv)
  3 ice devils (IceCv)
  A troll (D:11)
  A hornet (D:8)
  A shadow (D:11)
  Sigmund (D:2)
  A dire elephant simulacrum (IceCv)
  A wyvern (D:8)
  2 death yak simulacra (IceCv)
  2 water moccasins
  A hydra simulacrum (IceCv)
  3 orc warriors
  2 ice beasts
  A black bear (D:5)
  An ogre (D:6)
  A centaur (D:6)
  2 phantoms (D:7)
  2 kobold brigands
  2 bullfrogs (D:7)
  A gnoll sergeant (D:5)
  3 scorpions
  2 two-headed ogre simulacra
  4 wights (D:7)
  6 killer bees (D:11)
  4 howler monkeys
  A crimson imp (D:6)
  A hound (D:4)
  4 orc priests
  2 iguanas
  2 jellies (D:5)
  3 sleepcaps
  A gnoll bouda (D:7)
  12 orc wizards
  A polar bear simulacrum (IceCv)
  4 spriggan simulacra
  3 wolf simulacra (IceCv)
  5 adders
  13 gnolls
  4 naga simulacra
  3 white imps
  8 ufetubi
  2 worms
  3 dart slugs (D:3)
  18 orcs
  6 ball pythons
  6 endoplasms
  3 giant cockroaches
  6 goblins
  6 hobgoblins
  11 jackals
  14 kobolds
  5 quokkas
  2 bats
  A frilled lizard (D:1)
  6 rats
206 creatures vanquished.

Vanquished Creatures (others)
  An orc wizard (D:6)
1 creature vanquished.

Grand Total: 207 creatures vanquished

Notes
Turn   | Place    | Note
-------+----------+-------------------------------------------
     0 | D:1      | Peloso the Minotaur Fighter began the quest for the Orb.
     0 | D:1      | Reached XP level 1. HP: 19/19 MP: 0/0
   224 | D:1      | Reached XP level 2. HP: 27/27 MP: 1/1
  1008 | D:2      | Reached XP level 3. HP: 30/33 MP: 2/2
  1016 | D:1      | Reached skill level 3 in Long Blades
  1352 | D:2      | Noticed Sigmund
  1503 | D:3      | Reached XP level 4. HP: 32/41 MP: 3/3
  1729 | D:3      | Reached skill level 4 in Long Blades
  2012 | D:3      | Found an ornate altar of the Wu Jian Council.
  2131 | D:3      | Reached XP level 5. HP: 47/47 MP: 4/4
  2324 | D:4      | Reached skill level 1 in Dodging
  2509 | D:4      | Reached skill level 5 in Long Blades
  2509 | D:4      | Reached XP level 6. HP: 30/55 MP: 5/5
  2514 | D:4      | Reached skill level 5 in Armour
  2613 | D:4      | Reached skill level 5 in Fighting
  2889 | D:4      | Found a blossoming altar of Fedhas.
  3143 | D:2      | Killed Sigmund
  3144 | D:2      | Reached skill level 6 in Long Blades
  3144 | D:2      | Reached XP level 7. HP: 47/61 MP: 6/6
  3248 | D:2      | Found a faded altar of an unknown god.
  3483 | D:5      | Entered Level 5 of the Dungeon
  3619 | D:5      | Reached skill level 1 in Stealth
  3690 | D:5      | Found a staircase to the Ecumenical Temple.
  3701 | Temple   | Entered the Ecumenical Temple
  3705 | Temple   | Became a worshipper of Warmaster Okawaru
  3950 | D:5      | Reached skill level 7 in Long Blades
  4254 | Temple   | Reached XP level 8. HP: 59/69 MP: 7/7
  4537 | D:5      | Reached skill level 8 in Long Blades
  4556 | D:5      | Identified a scroll of acquirement
  4783 | D:6      | Reached * piety under Okawaru
  4848 | D:6      | Reached skill level 5 in Shields
  5016 | D:6      | Found a burning altar of Makhleb.
  5016 | D:6      | Found a radiant altar of Vehumet.
  5082 | D:6      | Reached skill level 9 in Long Blades
  5309 | D:6      | Identified the +2 buckler of Qoibu {rPois Int-5 Dex+5}
  5400 | D:6      | Reached XP level 9. HP: 78/78 MP: 6/8
  5443 | D:6      | Found a shimmering blue altar of Sif Muna.
  6058 | D:7      | Reached skill level 10 in Long Blades
  6299 | D:7      | Reached ** piety under Okawaru
  6929 | D:8      | Found a white marble altar of Elyvilon.
  6967 | D:8      | Found a hide-covered altar of Uskayaw.
  7321 | D:8      | You fall into a shaft and drop 3 floors!
  7338 | D:11     | Noticed a troll
  7349 | D:11     | Killed a troll
  7350 | D:11     | Reached skill level 11 in Long Blades
  7433 | D:11     | Reached XP level 10. HP: 82/90 MP: 6/9
  7482 | D:11     | Found a frozen archway.
  7590 | IceCv    | Entered an ice cave
  7974 | IceCv    | Reached skill level 1 in Invocations
  8065 | IceCv    | Noticed an ice statue
  8065 | IceCv    | Noticed an ice statue
  8087 | IceCv    | Killed an ice statue
  8526 | IceCv    | Killed an ice statue
  8527 | IceCv    | Reached skill level 12 in Long Blades
  8840 | IceCv    | Reached skill level 10 in Armour
  9470 | IceCv    | Noticed a reaper
  9768 | IceCv    | Slain by a reaper

Illustrated notes

Levels and vault maps discovered:
D:1:      dpeg_arrival_renting, layout_basic
D:2:      layout_rooms, shapermc_ecumenical_altar_flowoftime,
          minmay_pentomino_o2, uniq_sigmund
D:3:      layout_loops_ring, pdpol_wu_jian_five_deadly_venoms,
          supply_closet_lemuel
D:4:      layout_cave_pools, mainiacjoe_overflow_brackets, serial_bayou_pond_d,
          minmay_manual_mess
D:5:      layout_cave_pools, minmay_temple_entry_poolview
D:6:      layout_loops_ring, kennysheep_orc_sif_temple,
          grunt_temple_overflow_lords_of_destruction, hangedman_decor_lopped,
          minmay_a_box_with_orc_wizards_in_it
D:7:      layout_loops_ring, bh_walls_and_bars
D:8:      layout_basic, mainiacjoe_overflow_catch_the_wave
D:11:     wander_river, layout_layer_cave, portal_ice_cave_entry_ice_simulacra
Temple:   zaba_magenta_temple
IceCv:    ice_cave_small_demon

Skill      XL: |  1  2  3  4  5  6  7  8  9 10 |
---------------+-------------------------------+-----
Fighting       | 4 5 6 8 9 |  9.7
Shields        | 4 5 6 |  6.3
Long Blades    | 3 4 5 6 7 9 11 12 | 12.4
Armour         | 4 5 6 8 9 10 | 10.3
Dodging        | 1 2 3 |  3.2
Stealth        | 1 |  1.3
Invocations    | 1 |  1.4
Evocations     | |  0.1

Action                     |  1- 3 |  4- 6 |  7- 9 | 10-12 || total
---------------------------+-------+-------+-------+-------++-------
  Melee: Long sword        |    80 |   126 |   412 |   217 ||   835
         Headbutt          |    10 |    26 |    81 |    65 ||   182
 Invoke: Heroism           |       |       |     8 |    11 ||    19
  Evoke: Wand              |       |       |     2 |     1 ||     3
    Use: Potion            |     5 |       |       |     2 ||     7
         Scroll            |     2 |       |    10 |     4 ||    16
 Armour: Scale mail        |    39 |    71 |    28 |       ||   138
         Chain mail        |       |       |    49 |       ||    49
         Plate armour      |       |       |   110 |   123 ||   233
  Dodge: Dodged            |    58 |    78 |   155 |    72 ||   363
  Block: Buckler           |    24 |    32 |    86 |    50 ||   192
